 Dungeon Crawl Stone Soup version 0.28-a0-723-g095bd1b44f (webtiles) character file.

Game seed: 13267655940664939531

22 cheechan the Chopper (level 2, -3/28 HPs)
             Began as a Naga Chaos Knight on Oct 25, 2021.
             Was a Plaything of Xom.
             Succumbed to a goblin's poison
             ... on level 1 of the Dungeon.
             The game lasted 00:01:57 (458 turns).

cheechan the Chopper (Naga Chaos Knight)             Turns: 458, Time: 00:01:57

Health: -3/28      AC:  4    Str: 14    XL:     2   Next: 91%
Magic:  2/2        EV:  9    Int: 12    God:    Xom [.*....]
Gold:   11         SH:  0    Dex: 10    Spells: 1/1 levels left

rFire   + . .      SeeInvis +   d - +3 dagger (vamp)
rCold   x . .      Faith    .   (no shield)
rNeg    . . .      Spirit   .   b - +2 leather armour
rPois   +          Reflect  .   (no helmet)
rElec   .          Harm     .   (no cloak)
rCorr   .          Rampage  .   (no gloves)
Will    .....                   (no barding)
Stlth   +.........              (no amulet)
HPRegen 0.09/turn               e - ring of fire
MPRegen 0.08/turn               f - ring of flight

@: lethally poisoned (-3 -> -19), flying, very slow
A: AC +0, large, see invisible, deformed body, poison resistance, slowness 2,
spit poison 1, naga tail 1
a: Spit Poison, Renounce Religion


You were on level 1 of the Dungeon.
You worshipped Xom.
You were a plaything of Xom.
You visited 1 branch of the dungeon, and saw 1 of its levels.

You collected 11 gold pieces.

Inventory:

Hand Weapons
 a - a +0 hand axe of chaos
 d - a +3 vampiric dagger (weapon)
Missiles
 c - 9 poisoned darts
Armour
 b - a +2 leather armour (worn)
Jewellery
 e - a ring of fire (left hand)
 f - a ring of flight (right hand)
Scrolls
 h - a scroll of immolation {unknown}


   Skills:
 + Level 3.3 Fighting
 + Level 0.2 Short Blades
 + Level 3.4 Axes
 + Level 1.8 Armour
 + Level 0.8 Dodging


You had one spell level left.
You didn't know any spells.
Your spell library was empty.

Dungeon Overview and Level Annotations

Branches:
Dungeon (1/15)

Altars:


Innate Abilities, Weirdness & Mutations

Your serpentine skin is tough. (AC +0)
You have supernaturally acute eyesight. (SInv)
Armour fits poorly on your strangely shaped body.
Your system is resistant to poisons. (rPois)
You cover ground very slowly.
You can spit poison.
You have a snake-like lower body.


Message History

The endoplasm barely misses you. The endoplasm hits you.
You hit the endoplasm.
The endoplasm is moderately wounded.
The endoplasm freezes you.
You are frozen.
You feel a terrible chill!
You barely miss the endoplasm.
The endoplasm is moderately wounded.
You have got your breath back.
The endoplasm barely misses you.
You hit the endoplasm but do no damage.
The endoplasm is moderately wounded.
The endoplasm barely misses you.
You hit the endoplasm.
You feel better.
The endoplasm is almost dead.
The endoplasm freezes you.
You are frozen.
You feel a terrible chill!
You hit the endoplasm.
You kill the endoplasm! "See what I see, my child!"
You detect creatures!
You are now a plaything of Xom.
A goblin comes into view. It is wielding a +0 dagger of venom.
The goblin shouts!
The goblin hits you with a +0 dagger of venom. x2
You are poisoned.
You miss the goblin.
You feel sick.
The goblin hits you with a +0 dagger of venom.
You barely miss the goblin.
You feel sick.
The goblin hits you with a +0 dagger of venom.
* * * LOW HITPOINT WARNING * * *
You are lethally poisoned!
You miss the goblin.
* * * LOW HITPOINT WARNING * * *
You feel sick.
The goblin hits you with a +0 dagger of venom.
* * * LOW HITPOINT WARNING * * *
You are more poisoned.
You closely miss the goblin.
You die...
Xom guffaws! .
K r g

.# .# .# .# .#
##########.#
......g@.#.#####.
###########.........
######.............######
##..>..............##
........##########.#
.......## #.# ##.###.#
#.# ##.# #.# #.# ##.# #.#
#.#


You could see a goblin.

Vanquished Creatures
  A dart slug (D:1)
  2 ball pythons (D:1)
  2 endoplasms (D:1)
  A giant cockroach (D:1)
  2 goblins (D:1)
  4 hobgoblins (D:1)
  A frilled lizard (D:1)
  3 kobolds (D:1)
  2 rats (D:1)
18 creatures vanquished.

Notes
Turn   | Place    | Note
-------+----------+-------------------------------------------
     0 | D:1      | cheechan the Naga Chaos Knight began the quest for the Orb.
     0 | D:1      | Reached XP level 1. HP: 21/21 MP: 1/1
    87 | D:1      | XOM: butterfly on damage
   104 | D:1      | Reached XP level 2. HP: 11/28 MP: 2/2
   450 | D:1      | XOM: divination: detect creatures
   457 | D:1      | HP: 1/28 [goblin (3)]
   458 | D:1      | Succumbed to a goblin's poison

Illustrated notes

Levels and vault maps discovered:
D:1:      wander_arrival_peaceful_grave, layout_loops_ring,
          minmay_misc_feat_alley

Action                   || total
-------------------------++-------
Melee: Hand axe          ||    18
       Dagger            ||    40
 Abil: Spit Poison       ||     3
  Use: Scroll            ||     1
Armor: Leather armour    ||    20
       Plate armour      ||     7
Dodge: Dodged            ||    33

Table legend: (Time is in decaauts)
 A = Elapsed time spent in this place.
 B = Non-inter-level travel time spent in this place.
 C = Inter-level travel time spent in this place.
 D = Time resting spent in this place.
 E = Time spent auto-exploring this place.
 F = Levels seen in this place.
 G = Mean time per level.
                   A        B        C        D        E       F      G
               +--------+--------+--------+--------+--------+-----+--------+
         Total |    604 |    604 |      0 |      0 |      0 |   1 |  604.0 |
       Dungeon |    604 |    604 |      0 |      0 |      0 |   1 |  604.0 |
               +--------+--------+--------+--------+--------+-----+--------+

Top non-repeatable levels by time:
     D:1: 604 daAuts
